 Dungeon Crawl Stone Soup version 0.28.0-45-g0d030f2227 (webtiles) character file.

Game seed: 4591298005332903882

24112 101zpm the Thaumaturge (level 12, -41/91 HPs)
             Began as a Yellow Draconian Ice Elementalist on Apr 19, 2022.
             Was a Believer of Vehumet.
             Killed from afar by Frances (49 damage)
             ... with an iron shot
             ... on level 12 of the Dungeon on Apr 20, 2022.
             The game lasted 01:46:20 (27368 turns).

101zpm the Thaumaturge (DrIE)                      Turns: 27368, Time: 01:46:20

Health: -41/91     AC: 20    Str: 10    XL:     12   Next: 77%
Magic:  4/28       EV: 14    Int: 20    God:    Vehumet [**....]
Gold:   774        SH:  0    Dex: 13    Spells: 4/36 levels left

rFire   . . .      SeeInvis .   C - +2 dagger (venom)
rCold   . . .      Faith    .   g - orb {*channel}
rNeg    + . .      Spirit   .   (armour unavailable)
rPois   .          Reflect  .   Z - +0 hat
rElec   .          Harm     .   R - +0 cloak
rCorr   +          Rampage  .   Y - +0 pair of gloves
Will    .....                   m - +0 pair of boots
Stlth   ++........              F - amulet of magic regeneration
HPRegen 0.25/turn               L - ring of positive energy
MPRegen 0.61/turn               M - +4 ring of slaying

@: ice-armoured, sluggish, freezing walls, very slow
A: spit acid, AC +8, unfitting armour, cold-blooded, acid resistance
a: Breathe Acid, Renounce Religion


You were on level 12 of the Dungeon.
You worshipped Vehumet.
Vehumet was pleased with you.
You visited 3 branches of the dungeon, and saw 15 of its levels.

You collected 774 gold pieces.

Inventory:

Hand Weapons
 C - a +2 dagger of venom (weapon)
 Q - a +3 quarterstaff of chaos
 U - a +3 dagger of distortion
Missiles
 s - 2 javelins
 u - 20 poisoned darts
 v - 251 stones
 A - 8 boomerangs
 B - 48 sling bullets
 O - 4 throwing nets
Armour
 g - an orb of energy (worn)
 m - a +0 pair of boots (worn)
 R - a +0 cloak (worn)
 Y - a +0 pair of gloves (worn)
 Z - a +0 hat (worn)
Magical Staves
 J - a staff of conjuration
 V - a staff of earth
Jewellery
 i - a ring of protection from cold
 F - an amulet of magic regeneration (around neck)
 K - an amulet of regeneration
 L - a ring of positive energy (left hand)
 M - a +4 ring of slaying (right hand)
 W - a ring of poison resistance
 X - an amulet of faith
Wands
 p - a wand of flame (42)
 t - a wand of iceblast (10)
 y - a wand of acid (5)
 H - a wand of paralysis (9)
 P - a wand of digging (13)
 T - a wand of mindburst (23)
Scrolls
 b - 3 scrolls of torment {unknown}
 c - 3 scrolls of blinking {unknown}
 d - 3 scrolls of immolation {unknown}
 f - 7 scrolls of teleportation
 h - 2 scrolls of enchant armour {unknown}
 j - 4 scrolls of noise {unknown}
 k - 3 scrolls of vulnerability {unknown}
 n - 2 scrolls of holy word {unknown}
 o - 2 scrolls of enchant weapon {unknown}
 w - a scroll of summoning {unknown}
 x - a scroll of brand weapon {unknown}
 D - 7 scrolls of identify {unknown}
 G - a scroll of fear {unknown}
 I - a scroll of magic mapping {unknown}
 N - 3 scrolls of amnesia {unknown}
Potions
 a - 5 potions of might
 e - a potion of degeneration {unknown}
 l - 5 potions of heal wounds {unknown}
 q - 3 potions of mutation {unknown}
 r - 7 potions of curing {unknown}
 z - a potion of attraction {unknown}
 E - 2 potions of resistance {unknown}
 S - a potion of haste {unknown}


   Skills:
 + Level 4.1 Fighting
 + Level 2.9 Short Blades
 + Level 0.7 Throwing
 + Level 5.6 Dodging
 + Level 3.5 Stealth
 + Level 3.3 Unarmed Combat
 + Level 12.6 Spellcasting
 + Level 2.5 Conjurations
 + Level 2.6 Hexes
 + Level 6.8 Fire Magic
 + Level 12.1 Ice Magic
 + Level 3.4 Air Magic


You had 4 spell levels left.
You knew the following spells:

 Your Spells              Type           Power      Damage    Failure   Level
a - Freeze                Ice            100%       1d11      1%          1
b - Frozen Ramparts       Ice            100%       1d12      1%          3
c - Ozocubu's Armour      Ice            57%        N/A       1%          3
d - Scorch                Fire           80%        2d9       1%          2
e - Static Discharge      Conj/Air       24%        N/A       2%          2
f - Hailstorm             Conj/Ice       42%        3d10      2%          4
g - Ensorcelled Hibernat  Hex/Ice        84%        N/A       1%          2
h - Conjure Flame         Conj/Fire      31%        6-21      2%          3
i - Swiftness             Air            26%        N/A       3%          3
j - Shock                 Conj/Air       96%        1d9       1%          1
k - Ignite Poison         Fire/Tmut/Pois 21%        N/A       6%          3
l - Sandblast             Erth           24%        2d8       5%          1
m - Flame Wave            Conj/Fire      31%        2d8       8%          4

Your spell library contained the following spells:

 Spells                   Type           Power      Damage    Failure   Level
 Ice Form                 Ice/Tmut       36%        N/A       4%          4
 Summon Ice Beast         Ice/Summ       36%        N/A       4%          4
 Passwall                 Tmut/Erth      10%        N/A       8%          2
 Sticky Flame             Conj/Fire      31%        2d5       8%          4
 Blink                    Tloc           24%        N/A       9%          2
 Dispel Undead            Necr           12%        3d9       47%         4
 Manifold Assault         Tloc           12%        N/A       83%         5
 Summon Cactus Giant      Summ           6%         N/A       100%        6
 Storm Form               Tmut/Air       9%         N/A       100%        7


Dungeon Overview and Level Annotations

Branches:
Dungeon (12/15)            Temple (1/1) D:4            Lair (2/6) D:9
  Swamp: Lair:2-4    Shoals: Lair:2-4     Snake: Lair:2-4    Spider: Lair:2-4
    Orc: D:9-12

Altars:
Ashenzari
Cheibriados
Dithmenos
Elyvilon
Fedhas
Gozag
Hepliaklqana
Kikubaaqudgha
Makhleb
Nemelex Xobeh
Okawaru
Qazlal
Ru
Sif Muna
Trog
Uskayaw
Vehumet
Wu Jian
Xom
Yredelemnul
Zin
The Shining One

Shops:
D:10 (

Annotations:
D:2 Natasha
D:12 Frances


Innate Abilities, Weirdness & Mutations

You can spit globs of acid.
Your golden yellow scales are hard. (AC +8)
You cannot fit into any form of body armour.
You are cold-blooded and may be slowed by cold attacks.
You are resistant to acid. (rCorr)


Message History

Frances mutters in a terrible tongue.
Casting: Hailstorm (dangerous; 2% risk of failure)
Confirm with . or Enter, or press ? or * to list all spells.
Casting: Hailstorm (dangerous; 2% risk of failure)
Press: ? - help, Dir - look around, f - activate A cannonade of hail descends around you!
The hail pelts Frances!!
Frances is severely wounded.
The hail pelts the cyclops!!
The cyclops is heavily wounded.
Frances is no longer more vulnerable to fire.
The wall freezes Frances.
Frances hits you from afar with a +0 halberd!!
Casting: Hailstorm (dangerous; 2% risk of failure)
Confirm with . or Enter, or press ? or * to list all spells.
Casting: Hailstorm (dangerous; 2% risk of failure)
Press: ? - help, Dir - look around, f - activate A cannonade of hail descends around you!
The hail pelts Frances!
Frances is severely wounded.
The hail pelts the chaos spawn!
The chaos spawn is moderately wounded.
The hail pelts the cyclops!
The cyclops is severely wounded.
The wall freezes Frances.
Frances hits you from afar with a +0 halberd!!
* * * LOW HITPOINT WARNING * * *
The wall freezes Frances!
Frances screams a word of power!
The wall freezes the chaos spawn.
Casting: Hailstorm (dangerous; 2% risk of failure)
Confirm with . or Enter, or press ? or * to list all spells.
You don't have enough magic to cast this spell.
Unknown command.
Your icy armour and frozen ramparts will break if you move.
Continue?
The wall freezes Frances!
Frances mutters in a terrible tongue.
The iron shot hits you!!!
Ouch! That really hurt!
You die...

... #........###...........)...
...##........)..........##....(
........................##.)...
....... #..........##..........
.......##..........##..........
.......)..........[...)........
....................)...)......
.......!.......[..##.......###.
..........##..@...##...........
...........##()##.##.#.........
...........#@44#..#..#.........
.C.........3C....##............
@..............................
........................)......
.@.♣.♣.♣.♣.♣.♣.♣.♣.♣.♣.♣.♣.♣.♣.
.........................
.........................


You could see Frances (fast, strong), a cyclops, a smoke demon (summoned) and 2
chaos spawn.

Vanquished Creatures
  Gastronok (Lair:2)
  2 hydras
  Harold (D:7)
  A death knight (D:11)
  Erica (Lair:2)
  4 two-headed ogres
  Nergalle (D:9)
  2 deep elf pyromancers
  3 cyclopes
  A manticore (D:10)
  A black mamba (Lair:1)
  A gargoyle (D:11)
  Maggie (D:6)
  4 cane toads
  A kobold demonologist (D:10)
  An unseen horror (D:8)
  7 komodo dragons
  Psyche (D:8)
  4 trolls
  A hornet (D:4)
  A slime creature (D:9)
  3 wraiths
  A human (D:11)
  Eustachio (D:4)
  14 yaks
  3 basilisks
  2 wyverns
  A steam dragon (D:9)
  Menkaure (D:5)
  A warg (D:11)
  An acid dragon (D:9)
  5 water moccasins
  8 orc warriors
  3 necrophages
  An ice beast (D:7)
  9 wolves
  4 centaurs
  2 phantoms
  A gnoll sergeant (D:11)
  11 bullfrogs
  2 water moccasin skeletons
  6 killer bees
  A howler monkey (D:8)
  3 centaur zombies
  4 hounds
  3 jellies
  7 orc priests
  Crazy Yiuf (D:7)
  3 centaur skeletons
  A gnoll shaman (D:7)
  Jessica (D:3)
  3 iguanas
  Natasha (twice) (D:2)
  6 orc wizards
  A scorpion zombie (D:5)
  2 hound skeletons (D:4)
  4 howler monkey zombies
  9 gnolls
  5 adders
  2 white imps
  2 ufetubi (D:5)
  4 worms
  5 dart slugs
  38 orcs
  4 endoplasms
  5 giant cockroaches
  10 goblins
  6 hobgoblins
  4 jackals
  7 kobolds
  A quokka (D:4)
  3 ball pythons
  6 bats
  2 frilled lizards (D:1)
  5 rats
280 creatures vanquished.

Vanquished Creatures (others)
  12 fungi
  3 plants
15 creatures vanquished.

Grand Total: 295 creatures vanquished

Notes
Turn   | Place    | Note
-------+----------+-------------------------------------------
     0 | D:1      | 101zpm the Draconian Ice Elementalist began the quest for
                  | the Orb.
     0 | D:1      | Reached XP level 1. HP: 14/14 MP: 3/3
   310 | D:2      | Reached XP level 2. HP: 17/20 MP: 0/5
   375 | D:2      | Noticed Natasha
   382 | D:2      | Killed Natasha
   383 | D:2      | Reached XP level 3. HP: 18/26 MP: 1/6
   445 | D:2      | Noticed Natasha
   451 | D:2      | Killed Natasha
   452 | D:2      | Reached skill level 5 in Ice Magic
   810 | D:2      | Found a faded altar of an unknown god.
   848 | D:2      | Noticed Natasha
  1069 | D:1      | Reached XP level 4. HP: 33/33 MP: 3/7
  2580 | D:3      | Noticed Jessica
  2586 | D:3      | Killed Jessica
  2587 | D:3      | Reached XP level 5. HP: 38/38 MP: 6/9
  3752 | D:4      | Noticed Eustachio
  3877 | D:5      | Entered Level 5 of the Dungeon
  3878 | D:5      | Noticed a necrophage
  3886 | D:4      | Learned a level 3 spell: Frozen Ramparts
  3890 | D:4      | Learned a level 3 spell: Ozocubu's Armour
  4243 | D:4      | Reached XP level 6. HP: 44/45 MP: 10/10
  4290 | D:4      | Learned a level 2 spell: Scorch
  4293 | D:4      | Learned a level 2 spell: Static Discharge
  4413 | D:4      | Killed Eustachio
  4414 | D:4      | Reached skill level 1 in Unarmed Combat
  4545 | D:4      | Noticed a hornet
  4550 | D:4      | Killed a hornet
  4551 | D:4      | Reached skill level 1 in Fighting
  4551 | D:4      | Your scales start taking on a golden yellow colour.
  4551 | D:4      | Reached XP level 7. HP: 28/52 MP: 0/13
  4551 | D:4      | Gained mutation: You are resistant to acid. (rCorr) [Yellow
                  | Draconian growth]
  5558 | D:4      | Found a staircase to the Ecumenical Temple.
  6349 | D:5      | Found a basalt altar of Yredelemnul.
  6723 | D:5      | Found a white marble altar of Elyvilon.
  6747 | D:5      | Noticed Menkaure
  6765 | D:5      | Killed Menkaure
  6766 | D:5      | Reached skill level 1 in Fire Magic
  6766 | D:5      | Reached XP level 8. HP: 29/59 MP: 1/15
  6961 | D:5      | Reached skill level 5 in Spellcasting
  7351 | Temple   | Entered the Ecumenical Temple
  7702 | Temple   | Became a worshipper of Vehumet
  8009 | D:2      | Reached XP level 9. HP: 58/64 MP: 13/18
  8910 | D:5      | Reached skill level 1 in Conjurations
  9204 | D:6      | Noticed Maggie
  9625 | D:6      | Reached skill level 1 in Short Blades
  9664 | D:6      | Found an ancient bone altar of Kikubaaqudgha.
  9665 | D:6      | Found a sparkling altar of Nemelex Xobeh.
  9665 | D:6      | Found a sacrificial altar of Ru.
  9851 | D:6      | Killed Maggie
 10117 | D:6      | Found a glowing silver altar of Zin.
 10148 | D:6      | Found a shimmering blue altar of Sif Muna.
 10158 | D:6      | Found a bloodstained altar of Trog.
 10201 | D:6      | Noticed a komodo dragon
 10632 | D:7      | Learned a level 4 spell: Hailstorm
 10635 | D:7      | Learned a level 2 spell: Ensorcelled Hibernation
 10639 | D:7      | Learned a level 3 spell: Conjure Flame
 11375 | D:7      | Found a runed translucent door.
 11376 | D:7      | Noticed Crazy Yiuf
 12037 | D:7      | Noticed Harold
 12051 | D:7      | Killed Harold
 12052 | D:7      | Reached XP level 10. HP: 71/73 MP: 5/22
 12434 | D:7      | Killed Crazy Yiuf
 12448 | D:7      | Learned a level 3 spell: Swiftness
 12612 | D:10     | Entered Level 10 of the Dungeon
 12677 | D:8      | Reached * piety under Vehumet
 12677 | D:8      | Offered knowledge of Shock by Vehumet.
 13140 | D:8      | Noticed Psyche
 13188 | D:8      | Killed Psyche
 13559 | D:9      | Reached skill level 1 in Hexes
 13799 | D:9      | Found a staircase to the Lair.
 14234 | D:9      | Found a burning altar of Makhleb.
 14424 | D:9      | Reached skill level 5 in Fire Magic
 14830 | D:7      | Learned a level 1 spell: Shock
 14834 | D:7      | Learned a level 3 spell: Ignite Poison
 15132 | Lair:1   | Entered Level 1 of the Lair of Beasts
 15132 | Lair:1   | Noticed a cane toad
 15145 | D:9      | Killed a cane toad
 15674 | D:9      | Reached skill level 1 in Air Magic
 15674 | D:9      | Reached XP level 11. HP: 40/80 MP: 10/24
 16040 | Lair:1   | Reached skill level 10 in Ice Magic
 16149 | Lair:1   | Noticed a four-headed hydra
 16163 | Lair:1   | Killed a four-headed hydra
 16164 | Lair:1   | Reached skill level 10 in Spellcasting
 16948 | Lair:1   | Reached ** piety under Vehumet
 17049 | Lair:1   | Offered knowledge of Sandblast by Vehumet.
 17052 | Lair:1   | Learned a level 1 spell: Sandblast
 17104 | Lair:1   | Reached skill level 5 in Dodging
 17459 | Lair:2   | Noticed Gastronok
 17496 | Lair:2   | Killed Gastronok
 17765 | Lair:2   | Noticed Erica
 18256 | Lair:2   | Killed Erica
 18579 | D:11     | Noticed a death knight
 18592 | D:10     | Identified the +0 robe "Yllimuk" {Str+2 Slay+3}
 18616 | D:10     | Found Zienom's Weapon Shop.
 18741 | D:10     | Noticed Nergalle
 18758 | D:10     | Noticed a two-headed ogre
 18956 | D:9      | Killed a two-headed ogre
 18957 | D:9      | Reached XP level 12. HP: 44/89 MP: 17/27
 19837 | D:9      | Learned a level 4 spell: Flame Wave
 19849 | D:9      | Killed Nergalle
 21437 | D:11     | Noticed a two-headed ogre
 21445 | D:11     | Killed a two-headed ogre
 22146 | D:11     | Found a radiant altar of Vehumet.
 22148 | D:11     | Noticed a two-headed ogre
 22153 | D:11     | Noticed a two-headed ogre
 22511 | D:11     | Killed a two-headed ogre
 22774 | D:11     | Killed a death knight
 23451 | D:11     | Noticed a seven-headed hydra
 23690 | D:11     | Killed a seven-headed hydra
 24017 | D:11     | Killed a two-headed ogre
 27340 | D:12     | Noticed Frances
 27368 | D:12     | Killed from afar by Frances

Illustrated notes

Levels and vault maps discovered:
D:1:      minmay_arrival_loop, layout_basic
D:2:      layout_basic, nicolae_ecumenical_pavilion, uniq_natasha
D:3:      layout_basic, kennysheep_big_empty_room, uniq_jessica
D:4:      layout_basic, minmay_temple_entry_junction_2, uniq_eustachio
D:5:      layout_rooms, nicolae_overflow_hidden_temple,
          mainiacjoe_overflow_cross_hatched, uniq_menkaure
D:6:      layout_cave_pods, nzn_overflow_gifts_of_might_and_magic,
          mainiacjoe_overflow_tiny_flanked,
          chequers_temple_overflow_statue_of_worship, lightli_corner_chamber,
          uniq_maggie
D:7:      layout_loops_corners, minmay_puff, uniq_crazy_yiuf_cottage,
          uniq_harold
D:8:      layout_basic, uniq_psyche
D:9:      layout_gridville, bloody_makhleb, erik_lair_dragon
D:10:     layout_gridville, serial_shops, nicolae_shop_bloodbath_and_beyond,
          hex_tiny, uniq_nergalle
D:11:     layout_loops_ring, st_stairs_1, nicolae_vehumet_altar_sigil
D:12:     layout_cave_pools, erik_orc_4, serial_park, serial_park_tiny_1,
          serial_park_avenue1, serial_park_tiny_2, special_room
          [special_room_orc], uniq_frances
Temple:   nicolae_temple_god_jail
Lair:1:   layout_cave_shapes, chequers_serial_rivers_marsh, minivault_25,
          serial_bayou_pond_a
Lair:2:   beast_lair_carwin_large_3, layout_small_grid,
          hangedman_lair_unloving_vines, minmay_lindwurm_lava,
          serial_bayou_shore_a, uniq_gastronok, uniq_erica

Skill      XL: |  1  2  3  4  5  6  7  8  9 10 11 12 |
---------------+-------------------------------------+-----
Ice Magic      | 5 6 7 8 9 11 12 | 12.1
Stealth        | 2 3 |  3.5
Spellcasting   | 3 4 6 8 9 11 12 | 12.6
Dodging        | 2 3 4 5 |  5.6
Unarmed Combat | 2 3 |  3.3
Fighting       | 1 2 3 4 |  4.1
Fire Magic     | 1 2 4 5 6 |  6.8
Conjurations   | 1 2 |  2.5
Short Blades   | 2 |  2.9
Hexes          | 1 2 |  2.6
Air Magic      | 1 2 3 |  3.4
Throwing       | |  0.7

Action                   |  1- 3 |  4- 6 |  7- 9 | 10-12 || total
-------------------------+-------+-------+-------+-------++-------
Melee: Unarmed           |     7 |    60 |    87 |       ||   154
       Tailslap          |     1 |     8 |    18 |     9 ||    36
       Dagger            |       |       |    73 |    69 ||   142
Throw: Javelin           |       |       |     2 |       ||     2
       Dart              |       |       |     2 |       ||     2
 Cast: Freeze            |    27 |    81 |    46 |    97 ||   251
       Frozen Ramparts   |       |     5 |    47 |    81 ||   133
       Static Discharge  |       |     3 |    15 |    23 ||    41
       Ozocubu's Armour  |       |     2 |    16 |    45 ||    63
       Scorch            |       |       |    46 |   150 ||   196
       Ensorcelled Hiber |       |       |    16 |    49 ||    65
       Conjure Flame     |       |       |     4 |     4 ||     8
       Hailstorm         |       |       |       |     6 ||     6
       Shock             |       |       |       |    49 ||    49
       Swiftness         |       |       |       |     4 ||     4
       Flame Wave        |       |       |       |    11 ||    11
       Sandblast         |       |       |       |     1 ||     1
Evoke: Wand              |       |       |     1 |       ||     1
  Use: Scroll            |       |       |     1 |       ||     1
Armor: Skin              |     8 |    51 |    89 |   148 ||   296
Dodge: Dodged            |    19 |    99 |   128 |   256 ||   502
